 Dungeon Crawl Stone Soup version 0.26-a0-739-gf55cbd344a (webtiles) character file.

Game seed: 11187812055843749301

97 snetch the Chopper (level 4, -1/41 HPs)
             Began as a Hill Orc Monk on Nov 5, 2020.
             Splashed by a jelly's acid (10 damage)
             ... on level 4 of the Dungeon.
             The game lasted 00:05:06 (1836 turns).

snetch the Chopper (Hill Orc Monk)                  Turns: 1836, Time: 00:05:09

Health: -1/41      AC:  2    Str: 14    XL:     4   Next: 68%
Magic:  4/4        EV: 11    Int: 10    God:
Gold:   184        SH:  0    Dex: 13    Spells: 3/3 levels left

rFire    + . .     SeeInvis .   b - +0 spear (flame)
rCold    . . .     Faith    .   (no shield)
rNeg     . . .     Spirit   .   o - +0 ring mail (curse)
rPois    .         Reflect  .   (no helmet)
rElec    .         Harm     .   (no cloak)
rCorr    .         Rampage  .   l - +0 pair of gloves
MR       .....                  (no boots)
Stlth    +.........             (no amulet)
HPRegen  0.13/turn              n - ring of protection from fire
MPRegen  0.09/turn              (no ring)

@: corroded
A: no striking features
a: no special abilities


You were on level 4 of the Dungeon.
You visited 1 branch of the dungeon, and saw 4 of its levels.

You collected 184 gold pieces.

Inventory:

Hand Weapons
 a - a +0 hand axe
 b - a +0 spear of flaming (weapon)
 g - a +1 dagger of freezing
Missiles
 e - 191 stones
 f - 39 poisoned darts (quivered)
 i - 3 javelins
 u - 19 sling bullets
 v - 13 bolts
Armour
 l - a +0 pair of gloves (worn)
 m - a +0 robe
 o - a cursed +0 ring mail (worn)
Jewellery
 n - a ring of protection from fire (left hand)
Scrolls
 c - 3 scrolls of teleportation {unknown}
 h - a scroll of fear {unknown}
 j - 2 scrolls of enchant weapon {unknown}
 p - 2 scrolls of remove curse {unknown}
 q - a scroll of random uselessness {unknown}
 r - a scroll of amnesia {unknown}
 s - a scroll of fog {unknown}
 w - a scroll of identify {unknown}
Potions
 d - a potion of curing {unknown}
 k - 2 potions of cancellation {unknown}
 t - 3 potions of berserk rage {unknown}
 x - a potion of might {unknown}


   Skills:
 + Level 4.7 Fighting
 + Level 4.7(4.8) Axes
 + Level 1.1(2.7) Polearms
 + Level 0.3 Throwing
 + Level 0.2 Armour
 + Level 3.0 Dodging
 + Level 1.8 Stealth


You had 3 spell levels left.
You didn't know any spells.
Your spell library was empty.

Dungeon Overview and Level Annotations

Branches:
Dungeon (4/15)
 Temple: D:4-7

Altars:
Elyvilon
Nemelex Xobeh
Vehumet
Yredelemnul


Message History

The jelly hits you but does no damage.
You barely miss the jelly.
The jelly is heavily wounded.
The jelly closely misses you.
You hit the jelly. You burn the jelly.
Your hands burn!
The jelly is heavily wounded.
The jelly hits you.
You are splashed with acid!
You hit the jelly but do no damage. The acid corrodes you!
Your hands burn!
The jelly is heavily wounded.
The jelly hits you but does no damage.
You hit the jelly. You burn the jelly.
Your hands burn!
The jelly is severely wounded.
The jelly closely misses you.
You hit the jelly. You burn the jelly.
Your hands burn!
* * * LOW HITPOINT WARNING * * *
The jelly is almost dead.
The jelly hits you.
* * * LOW HITPOINT WARNING * * *
You are splashed with acid!
You die...

..........
.......... .
.#........ ..
.......... ...
..#......## ....
..........#....#
.....#<..#
#..#J.###
##.@....#
#..>....#
#.......#
####.#.## #.###
###


You could see a jelly.

Vanquished Creatures
  4 adders
  2 oozes (D:2)
  A worm (D:2)
  2 leopard geckos
  2 orcs (D:3)
  2 giant cockroaches
  8 goblins
  3 hobgoblins (D:2)
  5 jackals (D:2)
  3 kobolds
  A quokka (D:2)
  3 bats
  5 frilled lizards
  3 rats
44 creatures vanquished.

Notes
Turn   | Place    | Note
-------+----------+-------------------------------------------
     0 | D:1      | snetch the Hill Orc Monk began the quest for the Orb.
     0 | D:1      | Reached XP level 1. HP: 19/19 MP: 1/1
   108 | D:1      | Reached XP level 2. HP: 14/27 MP: 2/2
   704 | D:3      | Reached XP level 3. HP: 18/33 MP: 3/3
  1029 | D:2      | Found a sparkling altar of Nemelex Xobeh.
  1040 | D:2      | Found a radiant altar of Vehumet.
  1166 | D:2      | Reached XP level 4. HP: 41/41 MP: 4/4
  1346 | D:2      | Reached skill level 1 in Polearms
  1555 | D:3      | Found a white marble altar of Elyvilon.
  1614 | D:3      | Found a basalt altar of Yredelemnul.
  1836 | D:4      | Splashed by a jelly's acid

Illustrated notes

Levels and vault maps discovered:
D:1:      lightli_arrival_flooded_house, layout_rooms
D:2:      layout_rooms, amethyst_overflow_temple_binary
D:3:      minmay_door_path, layout_basic, kennysheep_ying_yang,
          marbit_many_paths
D:4:      layout_cave_pools, grunt_dithmenos_smoke_and_mirrors,
          uniq_blork_the_orc, uniq_natasha

Skill      XL: |  1  2  3  4 |
---------------+-------------+-----
Fighting       | 4 |  4.7
Dodging        | 3 |  3.0
Polearms       | 1 |  1.1
Axes           | |  4.7
Throwing       | |  0.3
Armour         | |  0.2
Stealth        | |  1.8

Action                   |  1- 3 |  4- 6 || total
-------------------------+-------+-------++-------
Melee: Hand axe          |    42 |       ||    42
       Spear             |    31 |    66 ||    97
Throw: Dart              |     8 |       ||     8
       Stone             |     1 |       ||     1
 Stab: Sleeping          |     2 |     2 ||     4
Armor: Robe              |     7 |       ||     7
       Ring mail         |     7 |    18 ||    25
Dodge: Dodged            |    37 |    30 ||    67

Table legend: (Time is in decaauts)
 A = Elapsed time spent in this place.
 B = Non-inter-level travel time spent in this place.
 C = Inter-level travel time spent in this place.
 D = Time resting spent in this place.
 E = Time spent auto-exploring this place.
 F = Levels seen in this place.
 G = Mean time per level.
                   A        B        C        D        E       F      G
               +--------+--------+--------+--------+--------+-----+--------+
         Total |   1841 |   1812 |     29 |      0 |   1227 |   4 |  460.2 |
       Dungeon |   1841 |   1812 |     29 |      0 |   1227 |   4 |  460.2 |
               +--------+--------+--------+--------+--------+-----+--------+

Top non-repeatable levels by time:
     D:2: 814 daAuts
     D:1: 614 daAuts
     D:3: 400 daAuts
     D:4: 12 daAuts
